 Dungeon Crawl Stone Soup version 0.27.1-34-g3ba077fa99 (webtiles) character file.

Game seed: 11878555961510438719

56 Sharkman1231 the Sneak (level 3, -2/37 HPs)
             Began as a Demonspawn Brigand on Jan 15, 2022.
             Was a Believer of Hepliaklqana.
             Succumbed to a water moccasin's poison
             ... on level 3 of the Dungeon.
             The game lasted 00:01:46 (1599 turns).

Sharkman1231 the Sneak (Demonspawn Brigand)         Turns: 1599, Time: 00:01:46

Health: -2/37      AC: 21    Str: 11    XL:     3   Next: 69%
Magic:  3/3        EV:  2    Int: 12    God:    Hepliaklqana [**....]
Gold:   26         SH:  0    Dex: 15    Spells: 2/2 levels left

rFire    . . .     SeeInvis .   a - +2 dagger
rCold    . . .     Faith    .   (no shield)
rNeg     + + +     Spirit   .   (armour currently unavailable)
rPois    +         Reflect  .   (helmet currently unavailable)
rElec    .         Harm     .   (cloak currently unavailable)
rCorr    .         Rampage  .   (gloves currently unavailable)
Will     .....     NoTele   +   (boots currently unavailable)
Stlth    +++.......             (no amulet)
HPRegen  0.12/turn              (no ring)
MPRegen  0.08/turn              (no ring)

@: lethally poisoned (-2 -> -21), tree-form, invisible
A: stationary, stasis, torment immunity, boosted hp, reduced essence, powered by
pain 1
a: Renounce Religion, Recall Ancestor, Ancestor Identity


You were on level 3 of the Dungeon.
You worshipped Hepliaklqana.
Hepliaklqana was pleased with you.
You were a tree.
You visited 1 branch of the dungeon, and saw 3 of its levels.

You collected 94 gold pieces.
You spent 68 gold pieces at shops.

Inventory:

Hand Weapons
 a - a +2 dagger (weapon)
Missiles
 d - 8 poisoned darts (quivered)
 e - 2 curare-tipped darts
Armour
 b - a +0 robe (melded)
 c - a +0 cloak (melded)
Scrolls
 f - a scroll of identify
 h - a scroll of magic mapping
 i - a scroll of teleportation
 j - a scroll of torment
 l - a scroll of summoning {unknown}


   Skills:
 + Level 2.6 Fighting
 + Level 2.4 Short Blades
 - Level 1.7 Throwing
 + Level 1.7 Dodging
 + Level 4.0 Stealth


You had 2 spell levels left.
You didn't know any spells.
Your spell library was empty.

Dungeon Overview and Level Annotations

Branches:
Dungeon (3/15)

Altars:
Hepliaklqana

Shops:
D:1 ?*!*!


Innate Abilities, Weirdness & Mutations

You are a tree.
Your roots penetrate the ground, keeping you stationary.
You cannot be teleported.
You are immune to unholy pain and torment.
Your maximum health is greatly increased.
Your equipment is partially melded.
Your life essence is reduced to manifest your ancestor. (-10% HP)
You sometimes gain a little power by taking damage.


Message History

The endoplasm quivers.
There are monsters nearby!
You barely miss the orc.
Lucius hits the orc with a +0 dagger of draining.
The bat completely misses you.
You hit the orc.
You kill the orc!
The bat misses you.
Found a stone staircase leading up.
The water moccasin bites you!
You are poisoned.
The water moccasin poisons you!
Lucius casts a spell at the bat.
The bat seems to slow down.
The bat misses you.
Unknown command.
You feel very sick. The bat misses you. The water moccasin bites you.
You are lethally poisoned!
The water moccasin poisons you! The bat barely misses you.
* * * LOW HITPOINT WARNING * * *
You feel extremely sick. The bat misses you. The endoplasm barely misses you.
Lucius hits the bat with a +0 dagger of draining.
Lucius drains the bat.
The bat hits Lucius but does no damage.
Really quaff the potion of lignification?
You turn into a tree.
Your +0 cloak melds into your body.
Your +0 robe melds into your body.
Your roots penetrate the ground.
* * * LOW HITPOINT WARNING * * *
You feel very sick.
The water moccasin bites you but does no damage.
The bat closely misses Lucius.
The endoplasm freezes you.
You are frozen.
* * * LOW HITPOINT WARNING * * *
Lucius hits the bat with a +0 dagger of draining.
The bat dies!
The water moccasin bites you but does no damage.
Okay, then.
It was a potion of invisibility.
You fade into invisibility!
You die...

#.........####
.............##
##.............#
...............
#............<
#.............
#............#
#######J†......#
.......♣SR....##
########......#
#......#
########


You could see the friendly Lucius the hexer, a water moccasin (ally target) and
an endoplasm.

Vanquished Creatures
  An adder (D:2)
  A worm (D:2)
  A dart slug (D:2)
  An orc (D:3)
  3 ball pythons
  6 bats
  4 endoplasms
  3 hobgoblins
  2 kobolds (D:1)
  A quokka (D:1)
  3 frilled lizards (D:2)
  5 goblins
  3 rats
34 creatures vanquished.

Vanquished Creatures (collateral kills)
  A bat (D:3)
  An endoplasm (D:2)
  A hobgoblin (D:2)
3 creatures vanquished.

Grand Total: 37 creatures vanquished

Notes
Turn   | Place    | Note
-------+----------+-------------------------------------------
     0 | D:1      | Sharkman1231 the Demonspawn Brigand began the quest for the
                  | Orb.
     0 | D:1      | Reached XP level 1. HP: 16/16 MP: 1/1
    57 | D:1      | Reached skill level 1 in Dodging
   112 | D:1      | Found Lisadel's Assorted Antiques.
   114 | D:1      | Found Qoklumoa's Distillery.
   117 | D:1      | Found a faded altar of an unknown god.
   137 | D:1      | Bought a potion of degeneration for 14 gold pieces
   189 | D:1      | Gained mutation: You sometimes gain a little power by
                  | taking damage. [demonic ancestry]
   189 | D:1      | Reached XP level 2. HP: 21/22 MP: 2/2
   257 | D:1      | Found Gistosej's Magic Scroll Emporium.
   450 | D:1      | Found Dishareh's General Store.
   457 | D:1      | Found Moxizig's Distillery.
   460 | D:1      | Bought a potion of lignification for 30 gold pieces
   788 | D:1      | Became a worshipper of Hepliaklqana the Forgotten
   788 | D:1      | Reached * piety under Hepliaklqana
   818 | D:2      | Reached XP level 3. HP: 25/25 MP: 3/3
   969 | D:2      | Reached skill level 4 in Stealth
  1057 | D:1      | Bought a scroll of identify for 24 gold pieces
  1111 | D:2      | Reached ** piety under Hepliaklqana
  1115 | D:2      | Remembered your ancestor Lucius as a hexer
  1592 | D:3      | Noticed a water moccasin
  1599 | D:3      | Succumbed to a water moccasin's poison

Illustrated notes

Levels and vault maps discovered:
D:1:      dpeg_arrival_stone_temple_mockup, layout_loops_ring,
          chequers_ecumenical_altar_island, serial_shops,
          nicolae_shop_window_shopping, nicolae_diamond_shop, shop, shop, shop
D:2:      layout_loops_ring
D:3:      layout_rooms, minmay_misc_feat_pillars

Skill      XL: |  1  2  3 |
---------------+----------+-----
Dodging        | 1 |  1.7
Short Blades   | 2 |  2.4
Stealth        | 4 |  4.0
Fighting       | |  2.6
Throwing       | |  1.7

Action                   || total
-------------------------++-------
Melee: Dagger            ||    87
Invok: Ancestor Life: He ||     1
  Use: Scroll            ||     3
       Potion            ||     2
 Stab: Sleeping          ||    13
       Distracted        ||     1
Armor: Robe              ||    17
       Skin              ||     2
Dodge: Dodged            ||    56
